 Dungeon Crawl Stone Soup version 0.32-a0-938-g40ac7a0f4d (webtiles) character file.

Game seed: 11122999647268795171

80944 runemasterragnar the Grappler (level 15, 0/111 HPs)
             Began as an Octopode Shapeshifter on Apr 16, 2024.
             Was an Initiate of Gozag.
             Shot with a bolt by a yaktaur (19 damage)
             ... on level 14 of the Dungeon.
             The game lasted 00:49:24 (29172 turns).

runemasterragnar the Grappler (OpSh)               Turns: 29172, Time: 00:49:24

Health: 0/111      AC: 11    Str: 20    XL:     15   Next: 68%
Magic:  24/24      EV: 19    Int: 12    God:    Gozag
Gold:   4575       SH:  5    Dex: 19    Spells: 2/14 levels left

rFire   + .          .
                       - Unarmed
rCold   . . .        (shield currently unavailable)
rNeg    . . .        Q - +2 hat
rPois   +            x - amulet of reflection
rElec   .            T - ring "Panaodd" {rC- Will++ MP+9 AC+4}
rCorr   +            O - ring of resist corrosion
SInv    .            r - +4 ring of protection
Will    ++++.        w - +6 ring of dexterity
Stlth   +++++++      f - ring of poison resistance
HPRegen 0.38/turn    t - ring of willpower
MPRegen 0.19/turn    B - ring of protection from fire
                     S - ring of protection from cold

%: reflection
@: blade tentacles
A: almost no armour, amphibious, 8 rings, camouflage 1, gelatinous body 1,
(nimble swimmer 1), tentacles
a: Begin Untransformation, Renounce Religion, Potion Petition, Call Merchant,
Bribe Branch


You were on level 14 of the Dungeon.
You worshipped Gozag.
Gozag was most pleased with you.
You had blades for main tentacles.
You visited 4 branches of the dungeon, and saw 22 of its levels.
You also visited: Gauntlet and Volcano.

You collected 8748 gold pieces.
You spent 2499 gold pieces at shops.
You paid 1674 gold pieces to Gozag.

Inventory:

Missiles
 g - 2 throwing nets (quivered)
Armour
 Q - a +2 hat (worn)
Magical Staves
 Z - the staff "Lityasch" {rElec rC++ Air}
   (You found it in a Gauntlet)

   [staff of air]

   Base accuracy: +5 Base damage: 5 Base attack delay: 1.2 This weapon's minimum
   attack delay (0.6) is reached at skill level 12.
   rC++:      It greatly protects you from cold.
   rElec:     It insulates you from electricity.
   Air:       It increases the power of your Air spells.
   It falls into the 'Staves' category.
   It is a one-tentacled weapon.
Jewellery
 a - a ring of protection from fire
 f - a ring of poison resistance (on tentacle)
 o - a +6 ring of dexterity
 r - a +4 ring of protection (on tentacle)
 s - a ring of wizardry
 t - a ring of willpower (on tentacle)
 w - a +6 ring of dexterity (on tentacle)
 x - an amulet of reflection (around mantle)
 B - a ring of protection from fire (on tentacle)
 O - a ring of resist corrosion (right blade tentacle)
 S - a ring of protection from cold (on tentacle)
 T - the ring "Panaodd" (left blade tentacle) {rC- Will++ MP+9 AC+4}
   (You bought it in a shop on level 2 of the Orcish Mines)

   [ring of protection]

   AC+4:      It affects your AC (+4).
   rC-:       It makes you vulnerable to cold.
   Will++:    It greatly increases your willpower.
   MP+9:      It affects your magic capacity (+9).
 W - a ring of flight
Talismans
 b - a beast talisman
 c - a flux talisman
 N - a blade talisman (active)
Wands
 k - a wand of quicksilver (6)
 C - a wand of flame (16)
 F - a wand of roots (5)
 G - a wand of polymorph (5)
 J - a wand of charming (17)
 M - a wand of digging (8)
Scrolls
 d - a scroll of blinking
 j - a scroll of torment
 n - 5 scrolls of amnesia
 q - a scroll of vulnerability
 v - 2 scrolls of identify
 A - 3 scrolls of immolation
 D - 3 scrolls of teleportation
 L - a scroll of enchant armour
 R - 2 scrolls of fog
 X - 2 scrolls of fear
Potions
 e - 2 potions of heal wounds
 h - 2 potions of brilliance
 i - 10 potions of curing
 m - 3 potions of mutation
 p - 2 potions of resistance
 u - 2 potions of magic
 z - 3 potions of cancellation
 E - a potion of attraction
 H - 2 potions of ambrosia
 I - 2 potions of lignification
 K - 3 potions of haste
 P - 3 potions of might
 V - a potion of invisibility
Miscellaneous
 Y - a condenser vane (inert)


   Skills:
 * Level 13.5 Fighting
 + Level 10.2 Dodging
 + Level 13.8 Stealth
 * Level 13.9 Unarmed Combat
 + Level 7.3 Evocations
 + Level 12.6 Shapeshifting


You had 2 spell levels left.
You knew the following spells:

 Your Spells              Type           Power      Damage    Failure   Level
a - Fugue of the Fallen   Necr           0%         N/A       69%         3
b - Blink                 Tloc           0%         N/A       45%         2
c - Manifold Assault      Tloc           0%         N/A       100%        7

Your spell library contained the following spells:

 Spells                   Type           Power      Damage    Failure   Level
 Foxfire                  Conj/Fire      0%         2x1d4     32%         1
 Magic Dart               Conj           0%         1d3       32%         1
 Slow                     Hex            0%         N/A       32%         1
 Call Imp                 Summ           0%         N/A       45%         2
 Cigotuvi's Dreadful Rot  Necr/Alch/Air  0%         N/A       45%         2
 Lesser Beckoning         Tloc           0%         N/A       45%         2
 Call Canine Familiar     Summ           0%         N/A       69%         3
 Confusing Touch          Hex            0%         N/A       69%         3
 Inner Flame              Hex/Fire       0%         N/A       69%         3
 Maxwell's Portable Pile  Tloc           0%         2d(5-13)  69%         3
 Ozocubu's Armour         Ice            0%         N/A       69%         3
 Teleport Other           Tloc           0%         N/A       69%         3
 Vampiric Draining        Necr           0%         2d6       69%         3
 Volatile Blastmotes      Fire/Tloc      0%         2d10      69%         3
 Brom's Barrelling Bould  Conj/Erth      0%         2d3       97%         4
 Dimensional Bullseye     Hex/Tloc       0%         N/A       97%         4
 Dispel Undead            Necr           0%         3d6       97%         4
 Flame Wave               Conj/Fire      0%         2d4       97%         4
 Fulminant Prism          Conj/Alch      0%         3d5       97%         4
 Iskenderun's Mystic Bla Conj/Tloc 0%             2d3        (+2d1     97%         4
 Leda's Liquefaction      Alch/Erth      0%         N/A       97%         4
 Martyr's Knell           Necr/Summ      0%         N/A       97%         4
 Sticky Flame             Fire/Alch      0%         2d4       97%         4
 Summon Lightning Spire   Summ/Air       0%         N/A       97%         4
 Fireball                 Conj/Fire      0%         3d3       100%        5
 Iskenderun's Battlesphe  Conj           0%         2d6       100%        5
 Lee's Rapid Deconstruct  Erth           0%         3d4*      100%        5
 Summon Forest            Summ/Tloc      0%         N/A       100%        5
 Summon Mana Viper        Hex/Summ       0%         N/A       100%        5
 Conjure Ball Lightning   Conj/Air       0%         3x3d6     100%        6
 Eringya's Noxious Bog    Alch           0%         4d6       100%        6
 Permafrost Eruption      Ice/Erth       0%         2x4d1     100%        6
 Plasma Beam              Fire/Air       0%         2x1d10    100%        6
 Starburst                Conj/Fire      0%         6d3       100%        6
 Summon Cactus Giant      Summ           0%         N/A       100%        6
 Orb of Destruction       Conj           0%         9d5       100%        7
 Summon Hydra             Summ           0%         N/A       100%        7
 Animate Armour           Summ/Erth      Unusable   N/A       N/A         4

Dungeon Overview and Level Annotations

Branches:
Dungeon (14/15)            Temple (1/1) D:6            Lair (5/5) D:11
  Swamp (0/4) Lair:3        Snake (0/4) Lair:2        Slime (0/5) Lair:4
    Orc (2/2) D:11            Elf (0/3) Orc:2       Volcano (visited)
Gauntlet (visited)
 Vaults: D:13-14

Altars:
Ashenzari
Cheibriados
Dithmenos
Elyvilon
Fedhas
Gozag
Hepliaklqana
Kikubaaqudgha
Makhleb
Nemelex Xobeh
Okawaru
Qazlal
Ru
Sif Muna
Trog
Uskayaw
Vehumet
Wu Jian
Xom
Yredelemnul
Zin
The Shining One
Jiyva

Shops:
D:5 (=   D:6 *   D:12 ?   Orc:1 (=   Orc:2 =((*   Lair:5 !

Portals:
Trove: D:11 (give 9 potions of haste)

Annotations:
D:1 1 runed translucent door
D:5 1 runed translucent door, Crazy Yiuf
Temple 2 transporters
Lair:4 exclusion: 3 oklob plants


Innate Abilities, Weirdness & Mutations

You have blades for main tentacles.
You are incapable of wielding weapons or throwing items.
You cannot wear most types of armour.
You are amphibious.
You can wear up to eight rings at the same time.
Your skin changes colour to match your surroundings (Stealth+).
Your rubbery body absorbs attacks. (AC +1, EV +1)
((You are camouflaged when in or above water. (Stealth+)))
You have tentacles for arms and can constrict up to eight enemies at once.


Message History

You can't carry that many items.
Things that are here:
5 gold pieces; a +0 glaive; a +0 chain mail You drop 11 potions of degeneration.
You drop 2 scrolls of enchant weapon.
You drop 2 scrolls of brand weapon.
As you read the scroll of identify, it crumbles to dust.
V - a potion of invisibility A yak is nearby!
A yak is nearby!
A yak is nearby!
A yak is nearby!
A yak is nearby!
A yak is nearby!
A yak is nearby!
A yak is nearby!
A yak is nearby!
The death yak snorts and paws the ground.
The yaktaur wields a +0 arbalest.
The yaktaur shoots a bolt.
The bolt hits you!
You hear a bellow!
The yaktaur shoots a bolt.
The bolt misses you.
The yaktaur shoots a bolt.
The bolt hits you.
You hear a bellow!
The yaktaur shoots a bolt.
The bolt barely misses you.
You hear a bellow!
The yaktaur shoots a bolt.
The bolt hits you!
* * * LOW HITPOINT WARNING * * *
The yaktaur shoots a bolt.
The bolt completely misses you.
The yaktaur shoots a bolt.
The bolt hits you!
* * * LOW HITPOINT WARNING * * *
You hear a bellow!
The death yak snorts and paws the ground.
The yaktaur shoots a bolt.
The bolt completely misses you.
You hear a bellow!
The yaktaur shoots a bolt.
You block the bolt with an invisible shield... and reflect it back!
The bolt hits the yaktaur!
The yaktaur shoots a bolt.
The bolt hits you!!
You die...
Your body crumbles into a pile of gold.

##################
............$...@#
.................#
............%....#
.).............c.#
...≈≈≈≈≈.........#
..≈≈...≈≈≈.......#
≈≈≈......≈≈≈....≈#
.........YY≈≈≈≈≈.#
..#####....Y....≈#


You could see a death yak, a yaktaur and a yak.

Vanquished Creatures
  Jorgrun (D:13)
  Gastronok (Lair:2)
  Agnes (D:14)
  A minotaur (Gauntlet)
  A fire dragon (Volcano)
  A great orb of eyes (Gauntlet)
  4 hydras
  A boulder beetle (D:13)
  2 ogre magi (Orc:1)
  An alligator (Lair:3)
  4 centaur warriors
  A death knight (D:14)
  15 two-headed ogres
  An orc high priest (Orc:2)
  Sonja (Lair:1)
  Amaemon (Lair:2)
  A fire crab (Gauntlet)
  2 skysharks (Lair:5)
  A deep troll (Orc:1)
  An obsidian bat (Orc:2)
  2 lindwurms
  4 cyclopes
  3 ugly things
  A manticore (D:14)
  11 elephants
  An orange demon (Lair:2)
  A smoke demon (Gauntlet)
  4 black mambas
  An unseen horror (shapeshifter) (D:14)
  A molten gargoyle (Volcano)
  An unseen horror (D:12)
  11 cane toads
  A gargoyle (D:11)
  A kobold demonologist (D:10)
  An efreet (D:13)
  2 rime drakes
  9 komodo dragons
  Jeremiah (Lair:1)
  4 yaktaurs (D:14)
  A troll (shapeshifter) (D:13)
  3 red devils (Orc:2)
  12 trolls
  4 polar bears
  Grinder (D:6)
  16 blink frogs
  2 hornets
  Prince Ribbit (D:6)
  14 dream sheep
  A wraith (D:12)
  A water elemental (D:14)
  60 yaks
  A shadow (D:10)
  2 vampires (D:10)
  3 wyverns
  4 wargs
  15 fire bats
  5 basilisks
  Menkaure (D:5)
  A steam dragon (Volcano)
  Eustachio (D:4)
  4 vampire mosquitoes
  8 water moccasins
  An acid dragon (D:10)
  2 hell hounds (Volcano)
  A naga (Lair:2)
  Duvessa (D:5)
  2 swamp drakes
  11 orc warriors
  An ice beast (D:6)
  22 ogres
  A black bear (D:5)
  A sky beast (D:6)
  2 laughing skulls (D:13)
  10 wolves
  11 centaurs
  2 phantoms (D:6)
  5 kobold brigands
  12 bullfrogs
  2 gnoll sergeants
  3 scorpions
  20 wights
  Dowan (D:5)
  13 killer bees
  An electric eel (D:14)
  9 howler monkeys
  3 bombardier beetles
  2 crimson imps (Gauntlet)
  3 lava snakes (Volcano)
  11 orc priests
  3 hounds
  A gnoll bouda (Lair:3)
  2 jellies (D:5)
  11 iguanas
  3 sleepcaps
  Terence (D:2)
  Natasha (D:2)
  19 orc wizards
  Robin (D:2)
  18 gnolls
  4 adders
  A shadow imp (D:7)
  A white imp (D:5)
  5 dart slugs
  2 ribbon worms (D:4)
  45 orcs
  3 endoplasms
  2 giant cockroaches
  16 goblins
  7 hobgoblins
  31 kobolds
  7 quokkas
  8 ball pythons
  6 bats
  4 frilled lizards
  8 rats
626 creatures vanquished.

Vanquished Creatures (collateral kills)
  A warg (Orc:2)
1 creature vanquished.

Vanquished Creatures (others)
  A deep troll (Orc:2)
  A cyclops (Orc:2)
  A troll (Orc:2)
3 creatures vanquished.

Grand Total: 630 creatures vanquished

Notes
Turn   | Place    | Note
-------+----------+-------------------------------------------
     0 | D:1      | runemasterragnar the Octopode Shapeshifter began the quest
                  | for the Orb.
     0 | D:1      | Reached XP level 1. HP: 13/13 MP: 1/1
     1 | D:1      | Found a runed translucent door.
    95 | D:1      | Reached XP level 2. HP: 18/18 MP: 2/2
   222 | D:1      | Reached skill level 1 in Stealth
   397 | D:1      | Reached XP level 3. HP: 20/23 MP: 3/3
  1307 | D:2      | Reached XP level 4. HP: 29/29 MP: 4/4
  1343 | D:2      | Noticed Robin
  1371 | D:2      | Killed Robin
  1861 | D:2      | Noticed Terence
  1870 | D:2      | Killed Terence
  1875 | D:2      | Reached XP level 5. HP: 13/35 MP: 5/5
  2063 | D:2      | Found a faded altar of an unknown god.
  2271 | D:2      | Noticed Natasha
  2279 | D:2      | Killed Natasha
  2704 | D:3      | Found a shimmering blue altar of Sif Muna.
  2806 | D:3      | Noticed an air elemental
  2808 | D:3      | Found a stormy altar of Qazlal.
  2810 | D:3      | Noticed a water elemental
  2810 | D:3      | Noticed a fire elemental
  3451 | D:4      | Reached XP level 6. HP: 42/42 MP: 6/6
  3801 | D:4      | Noticed Eustachio
  3825 | D:4      | Found a sacrificial altar of Ru.
  3898 | D:4      | Killed Eustachio
  4270 | D:4      | Reached skill level 5 in Unarmed Combat
  4270 | D:4      | Reached XP level 7. HP: 33/47 MP: 7/7
  4426 | D:4      | Found a snail-covered altar of Cheibriados.
  4625 | D:5      | Entered Level 5 of the Dungeon
  4657 | D:5      | Noticed Duvessa
  4658 | D:5      | Found Fuuzio Xupsi's Jewellery Emporium.
  4662 | D:5      | Noticed Dowan
  4665 | D:5      | Found Piuhi's Firing Range.
  4669 | D:5      | Killed Duvessa
  4675 | D:5      | Killed Dowan
  4747 | D:5      | Noticed Menkaure
  4751 | D:5      | Killed Menkaure
  4752 | D:5      | Reached XP level 8. HP: 53/54 MP: 8/8
  4831 | D:5      | Reached skill level 5 in Fighting
  4831 | D:5      | Reached skill level 5 in Stealth
  4911 | D:5      | Found a runed translucent door.
  4912 | D:5      | Noticed Crazy Yiuf
  5047 | D:5      | Found a burning altar of Makhleb.
  5290 | D:6      | Found Silytug's Assorted Antiques.
  5328 | D:6      | Noticed Prince Ribbit
  5442 | D:6      | Found a staircase to the Ecumenical Temple.
  5452 | Temple   | Found a transporter.
  5452 | Temple   | Found a transporter.
  5452 | Temple   | Found a transporter.
  5452 | Temple   | Found a transporter.
  5452 | Temple   | Entered the Ecumenical Temple
  5454 | D:6      | Noticed a yak
  5517 | D:5      | Bought an amulet of reflection for 390 gold pieces
  5539 | D:6      | Noticed a yak
  5541 | D:6      | Noticed a yak
  5617 | D:6      | Reached XP level 9. HP: 53/62 MP: 9/9
  5849 | D:6      | Reached skill level 5 in Dodging
  5849 | D:6      | Reached skill level 5 in Shapeshifting
  5975 | D:6      | Killed Prince Ribbit
  6021 | D:6      | Noticed Grinder
  6034 | D:6      | Paralysed by Grinder for 5 turns
  6040 | D:6      | Killed Grinder
  6120 | D:6      | Found an iron altar of Okawaru.
  6192 | D:6      | Identified a scroll of acquirement
  6196 | D:6      | Acquired a ring of poison resistance
  6411 | D:6      | Found a blossoming altar of Fedhas.
  6811 | D:7      | Reached XP level 10. HP: 52/71 MP: 10/10
  7460 | D:7      | Found an opulent altar of Gozag.
  8054 | D:8      | You fall into a shaft and drop 3 floors!
  8205 | D:11     | Noticed a gargoyle
  8436 | D:10     | Entered Level 10 of the Dungeon
  8436 | D:10     | Noticed a two-headed ogre
  8495 | D:10     | Noticed a two-headed ogre
  8513 | D:10     | Killed a two-headed ogre
  8680 | D:10     | Noticed a two-headed ogre
  8687 | D:10     | Killed a two-headed ogre
  8851 | D:9      | Identified the +8 flail "Tijeoshra" {spect, rF+ rN+ Int+3}
  8958 | D:8      | Noticed a two-headed ogre
  8971 | D:8      | Killed a two-headed ogre
  8972 | D:8      | Reached XP level 11. HP: 34/78 MP: 11/11
  9520 | D:8      | Found an ancient bone altar of Kikubaaqudgha.
 10556 | D:9      | Acquired 1089 gold pieces
 10587 | D:7      | Became a worshipper of Gozag Ym Sagoz the Greedy
 10654 | D:10     | Reached skill level 10 in Unarmed Combat
 10861 | D:10     | Identified the +3 spear of Buink {freeze, rN+ Stlth+}
 11124 | D:10     | Identified the +5 dagger of Beyond {freeze, Will+ rCorr}
 11147 | D:10     | Noticed a boulder beetle
 11183 | D:10     | Noticed a wolf spider
 12195 | D:11     | Found a staircase to the Lair.
 12505 | D:11     | Found a staircase to the Orcish Mines.
 12888 | D:11     | Found a portal to a secret trove of treasure.
 13086 | Lair:1   | Entered Level 1 of the Lair of Beasts
 13311 | D:10     | Killed a two-headed ogre
 13312 | D:10     | Reached XP level 12. HP: 53/86 MP: 12/12
 13551 | Lair:1   | Reached skill level 10 in Shapeshifting
 13669 | Lair:1   | Noticed Jeremiah
 13679 | Lair:1   | Killed Jeremiah
 13756 | Lair:1   | Noticed Sonja
 13908 | Lair:1   | Killed Sonja
 14329 | Lair:2   | Noticed Gastronok
 14456 | Lair:2   | Found a staircase to the Snake Pit.
 14456 | Lair:2   | Noticed Amaemon
 14479 | Lair:2   | Killed Amaemon
 14480 | Lair:2   | Reached skill level 1 in Evocations
 14482 | Lair:2   | Reached skill level 10 in Stealth
 14622 | Lair:2   | Killed Gastronok
 14623 | Lair:2   | Reached skill level 10 in Fighting
 14816 | Lair:2   | Found a dark tunnel.
 14822 | Volcano  | Entered a volcano
 14988 | Volcano  | Found a bloodstained altar of Trog.
 15005 | Volcano  | Reached XP level 13. HP: 73/92 MP: 13/13
 15097 | Volcano  | Noticed a fire dragon
 15128 | Volcano  | Killed a fire dragon
 17154 | Lair:3   | Found a staircase to the Swamp.
 17704 | Orc:1    | Entered Level 1 of the Orcish Mines
 18068 | Orc:1    | Bought a ring of protection from cold for 400 gold pieces
 18073 | Orc:2    | Entered Level 2 of the Orcish Mines
 18075 | Orc:2    | Found a staircase to the Elven Halls.
 18972 | Orc:1    | Reached XP level 14. HP: 64/101 MP: 14/14
 19129 | Orc:2    | Reached skill level 5 in Evocations
 19759 | Orc:2    | Found Lewoun's Weapon Shoppe.
 20543 | Orc:2    | Found Noruj's General Store.
 20547 | Orc:2    | Found Tibitua's Antique Weapon Emporium.
 20847 | Orc:2    | Found Niofal's Jewellery Shop.
 21005 | Orc:2    | Bought a ring of resist corrosion for 300 gold pieces
 21009 | Orc:2    | Bought the ring "Panaodd" {rC- Will++ MP+9 AC+4} for 1033
                  | gold pieces
 21109 | Orc:1    | Found Geqeox's Antique Weapon Boutique.
 22022 | D:12     | Found Ysegg's Magic Scroll Emporium.
 22553 | D:12     | Bought a scroll of revelation for 82 gold pieces
 22553 | D:12     | Bought a scroll of blinking for 82 gold pieces
 22553 | D:12     | Bought a scroll of teleportation for 33 gold pieces
 22553 | D:12     | Bought a scroll of fear for 44 gold pieces
 22553 | D:12     | Bought a scroll of fog for 44 gold pieces
 22643 | D:13     | Found a gate leading to a gauntlet.
 22648 | Gauntlet | Entered a Gauntlet
 22648 | Gauntlet | Found a transporter.
 22648 | Gauntlet | Found a transporter.
 22660 | Gauntlet | Found a transporter.
 22678 | Gauntlet | Found a transporter.
 22678 | Gauntlet | Found a transporter.
 22678 | Gauntlet | Found a transporter.
 22680 | Gauntlet | Found a transporter.
 22680 | Gauntlet | Found a transporter.
 22691 | Gauntlet | Noticed a quicksilver ooze
 22693 | Gauntlet | Found a transporter.
 22708 | Gauntlet | Found a transporter.
 22717 | Gauntlet | Found a transporter.
 22721 | Gauntlet | Found a runed translucent door.
 22734 | Gauntlet | Found a transporter.
 22744 | Gauntlet | Learned a level 3 spell: Fugue of the Fallen
 22837 | Gauntlet | Found a transporter.
 22850 | Gauntlet | Found a transporter.
 23014 | Gauntlet | Acquired 1139 gold pieces
 23079 | Gauntlet | Identified the staff "Lityasch" {rElec rC++ Air}
 23080 | Gauntlet | Got Duojo's Almanac of the Portentous Commander
 23416 | D:13     | Noticed Jorgrun
 23427 | D:13     | Killed Jorgrun
 24818 | Lair:4   | Found a staircase to the Slime Pits.
 24864 | Lair:4   | Reached XP level 15. HP: 108/109 MP: 15/15
 25171 | Lair:4   | Found a viscous altar of Jiyva.
 25228 | Lair:5   | Entered Level 5 of the Lair of Beasts
 26819 | Lair:5   | Learned a level 2 spell: Blink
 26827 | Lair:5   | Learned a level 7 spell: Manifold Assault
 27287 | Lair:5   | Reached skill level 10 in Dodging
 27694 | Lair:5   | Bought a potion of might for 52 gold pieces
 27694 | Lair:5   | Bought a potion of curing for 39 gold pieces
 28383 | D:14     | Noticed Agnes
 28387 | D:14     | Killed Agnes
 29172 | D:14     | Shot with a bolt by a yaktaur

Illustrated notes

Levels and vault maps discovered:
D:1:      dpeg_arrival_caged_fury, layout_basic
D:2:      layout_basic, hellmonk_ecumenical_altar_crossroads, uniq_terence,
          uniq_robin, uniq_natasha
D:3:      layout_basic, nicolae_qazlal_style_of_elements,
          mainiacjoe_overflow_tiny_flanked, chequers_jeans, amethyst_killhole,
          chequers_arboretum, bh_walls_and_bars
D:4:      layout_cave_pods, cheibrodos_worm_habitat, pf_just_have_faith,
          minmay_diced_spiral, uniq_eustachio
D:5:      layout_cave_pools, lightli_temple_of_fire, serial_shops, shop,
          nicolae_shop_firing_range, uniq_crazy_yiuf_cottage, uniq_duvessa,
          uniq_menkaure
D:6:      layout_basic, kennysheep_mini_moat, okawaru_trees_1, temple_fountains,
          serial_shops, nicolae_shop_overgrown_old_shop, hex_medium,
          uniq_grinder, uniq_prince_ribbit1
D:7:      layout_loops_corners, nicolae_gozag_cash_rules_everything_around_me,
          minmay_misc_feat_roman
D:8:      layout_gridville, kennysheep_mini
D:9:      layout_loops_cross
D:10:     nzn_winding_woodlands_large [nzn_winding_woodlands_hourglass,
          nzn_winding_woodlands_5x15_twine, nzn_winding_woodlands_5x5_open_star,
          nzn_winding_woodlands_center_lodge,
          nzn_winding_woodlands_15x15_killbox,
          nzn_winding_woodlands_center_garden,
          nzn_winding_woodlands_5x5_perimeter,
          nzn_winding_woodlands_5x15_garden, nzn_winding_woodlands_5x5_three],
          layout_basic, serial_shops, nicolae_square_shop,
          nicolae_have_a_lightning_rod
D:11:     layout_layer_cave, erik_lair_orcish_takeover, erik_orc_1,
          enter_trove_3, grunt_ogre_cave
D:12:     layout_layer_cave, nicolae_inconvenience_store
D:13:     layout_basic, grunt_vaults_entry_fortified, gauntlet_entry_generic,
          ploomutoo_gammafunk_ghost_potion_laboratory, zin_statuary,
          uniq_jorgrun
D:14:     fort_yaktaur, layout_layer_cave, nicolae_the_louvre, uniq_agnes
Temple:   hellmonk_temple_divided_pantheon
Lair:1:   layout_hall_layers, lemuel_fruit_fields, grunt_megastairs_4,
          infiniplex_staircase_pool, uniq_jeremiah, uniq_sonja
Lair:2:   layout_regular_city, guppyfry_snake_entry_island,
          nicolae_volcano_entry_s_turn, nicolae_lair_grazing_beasts
          [nicolae_sub_lair_graze_edge, nicolae_sub_lair_graze_edge,
          nicolae_sub_lair_graze_edge, nicolae_sub_lair_graze_edge],
          uniq_amaemon, uniq_gastronok
Lair:3:   layout_chaotic_city, mainiacjoe_swamp_entry_lozenge_pond,
          dreamdust_gnoll_shepherd
Lair:4:   layout_long_grid, minmay_slime_entry_oklob_enclosed,
          grunt_megastairs_3
Lair:5:   due_jungle_book, layout_loops_ring, minivault_24,
          hangedman_lair_unloving_vines, grunt_forest_small_clearings
Orc:1:    layout_caves, serial_shops, shop
Orc:2:    st_orc_open, layout_caves, einodemon_armed_red_devil_minivault

Skill      XL: |  1  2  3  4  5  6  7  8  9 10 11 12 13 14 15 |
---------------+----------------------------------------------+-----
Stealth        | 1 2 3 4 5 7 9 10 11 13 | 13.8
Fighting       | 2 3 4 5 7 8 9 10 11 12 13 | 13.5
Unarmed Combat | 4 5 6 8 9 10 12 13 | 13.9
Dodging        | 3 4 5 6 7 8 9 10 | 10.2
Shapeshifting  | 4 5 6 9 11 12 | 12.6
Evocations     | 2 4 6 7 |  7.3

Action                     |  1- 3 |  4- 6 |  7- 9 | 10-12 | 13-15 || total
---------------------------+-------+-------+-------+-------+-------++-------
  Melee: Unarmed           |    55 |   114 |   158 |   440 |   713 ||  1480
         Constrict         |    18 |    26 |    45 |   104 |    79 ||   272
         Tentacles         |    14 |    19 |    45 |   120 |   211 ||   409
         Punch             |     1 |     4 |    12 |    34 |    79 ||   130
 Invoke: Call Merchant     |       |       |       |       |     2 ||     2
         Potion Petition   |       |       |       |       |     1 ||     1
  Evoke: Wand              |       |       |       |    18 |    11 ||    29
         Condenser vane    |       |       |       |       |     1 ||     1
    Use: Potion            |       |     1 |     2 |     3 |     3 ||     9
         Scroll            |       |     6 |     5 |    14 |    14 ||    39
   Stab: Sleeping          |    11 |     8 |     5 |    22 |    24 ||    70
         Distracted        |       |     1 |     2 |     4 |    21 ||    28
 Armour: Skin              |    14 |    64 |    86 |   151 |   359 ||   674
  Dodge: Dodged            |    23 |    43 |    69 |   298 |   455 ||   888
  Block: Other             |       |       |    11 |    73 |   104 ||   188
         Reflection        |       |       |       |     3 |     6 ||     9
   Form: Blade             |       |       |       |     1 |       ||     1

Table legend: (Time is in decaauts)
 A = Elapsed time spent in this place.
 B = Non-inter-level travel time spent in this place.
 C = Inter-level travel time spent in this place.
 D = Time resting spent in this place.
 E = Time spent auto-exploring this place.
 F = Levels seen in this place.
 G = Mean time per level.
                   A        B        C        D        E       F      G
               +--------+--------+--------+--------+--------+-----+--------+
         Total |  28954 |  27357 |   1597 |   6414 |  15058 |  24 | 1206.4 |
       Dungeon |  17251 |  16205 |   1046 |   2826 |  10164 |  14 | 1232.2 |
        Temple |      1 |      1 |      0 |      0 |      0 |   1 |    1.0 |
          Lair |   7597 |   7145 |    452 |   2161 |   3355 |   5 | 1519.4 |
  Orcish Mines |   3247 |   3149 |     98 |   1348 |   1274 |   2 | 1623.5 |
       Volcano |    421 |    421 |      0 |      0 |    204 |   1 |  421.0 |
      Gauntlet |    435 |    435 |      0 |     79 |     61 |   1 |  435.0 |
               +--------+--------+--------+--------+--------+-----+--------+

Top non-repeatable levels by time:
    D:11: 2562 daAuts
  Lair:4: 1909 daAuts
   Orc:1: 1750 daAuts
    D:12: 1720 daAuts
  Lair:5: 1699 daAuts
  Lair:2: 1630 daAuts
   Orc:2: 1497 daAuts
    D:14: 1303 daAuts
     D:2: 1246 daAuts
  Lair:3: 1225 daAuts
     D:4: 1225 daAuts
     D:8: 1224 daAuts
     D:1: 1165 daAuts
     D:6: 1153 daAuts
    D:10: 1150 daAuts
